 Dungeon Crawl Stone Soup version 0.31.0-12-g77e489cdc1 (webtiles) character file.

Game seed: 5721373195845558110

4766 Silvore the Basher (level 10, -3/88 HPs)
             Began as a Minotaur Fighter on Feb 26, 2024.
             Was an Elder of Zin.
             Slain by a vampire
             ... wielding a +3 vampiric glaive
              (4 damage)
             ... in a bailey.
             The game lasted 00:09:06 (6330 turns).

Silvore the Basher (Minotaur Fighter)               Turns: 6330, Time: 00:09:07

Health: -3/88      AC: 29    Str: 26    XL:     10   Next: 23%
Magic:  9/9        EV:  6    Int:  5    God:    Zin [****..]
Gold:   199        SH:  6    Dex: 15    Spells: 9/9 levels left

rFire   . . .        i - +3 flail (protect)
rCold   . . .        c - +0 buckler
rNeg    . . .        y - +1 crystal plate armour
rPois   .            (helmet restricted)
rElec   .            v - +0 cloak
rCorr   .            (no gloves)
SInv    .            (no boots)
Will    .....        (no amulet) Stlth
                     o - +6 ring of dexterity
HPRegen 0.34/turn    r - ring of flight
MPRegen 0.11/turn

%: no passive effects
@: mighty, under a protective aura, flying
A: horns 2, retaliatory headbutt
a: Renounce Religion, Recite, Vitalisation, Imprison, Donate Gold


You were in a bailey.
You worshipped Zin.
Zin was greatly pleased with you.
You visited 2 branches of the dungeon, and saw 9 of its levels.
You also visited: Bailey.

You collected 305 gold pieces.
You donated 106 gold pieces to Zin.

Inventory:

Hand Weapons
 a - a +0 flail
 i - a +3 flail of protection (weapon)
 l - a +2 battleaxe of distortion
Missiles
 d - 2 throwing nets (quivered)
Armour
 b - a +0 scale mail
 c - a +0 buckler (worn)
 e - a +0 chain mail
 v - a +0 cloak (worn)
 y - a +1 crystal plate armour (worn)
Jewellery
 o - a +6 ring of dexterity (left hand)
 r - a ring of flight (right hand)
 t - a ring of ice
Wands
 k - a wand of flame (26)
 s - a wand of acid (9)
Scrolls
 f - 5 scrolls of teleportation
 u - 2 scrolls of vulnerability
 w - a scroll of immolation
Potions
 g - 2 potions of mutation
 h - a potion of haste
 m - a potion of brilliance
 n - a potion of degeneration
 p - a potion of curing


   Skills:
 + Level 8.1 Fighting
 + Level 11.7 Maces & Flails
 + Level 9.0 Armour
 + Level 4.1 Dodging
 + Level 1.1 Stealth
 + Level 7.6 Shields
 + Level 1.0 Invocations


You had 9 spell levels left.
You didn't know any spells.
Your spell library contained the following spells:

 Spells                   Type           Power      Damage    Failure   Level
 Magic Dart               Conj           0%         1d3       100%        1
 Shock                    Conj/Air       0%         1d3       100%        1
 Blink                    Tloc           0%         N/A       100%        2
 Call Imp                 Summ           0%         N/A       100%        2
 Dazzling Flash           Conj/Hex       0%         N/A       100%        3
 Swiftness                Air            0%         N/A       100%        3
 Airstrike                Air            0%         2d(0-16)  100%        4
 Petrify                  Alch/Erth      0%         N/A       100%        4
 Borgnjor's Vile Clutch   Necr/Erth      0%         N/A       100%        5


Dungeon Overview and Level Annotations

Branches:
Dungeon (8/15)             Temple (1/1) D:4          Bailey (1/1)
   Lair: D:8-11

Altars:
Ashenzari
Dithmenos
Elyvilon
Fedhas
Gozag
Hepliaklqana
Kikubaaqudgha
Makhleb
Nemelex Xobeh
Qazlal
Sif Muna
Wu Jian
Yredelemnul
Zin
Lugonu

Shops:
D:3 *


Innate Abilities, Weirdness & Mutations

You have a pair of horns on your head.
You reflexively headbutt those who attack you in melee.


Message History

You are confused.
Okay, then.
You hit something but do no damage. Something hits you but does no damage.
Something bites you but does no damage.
You bump into the stone wall.
You hear some strange, mumbled words.
Something tries to affect you, but you resist.
You hit something. Your headbutt misses something. Something hits you!
Something bites you but does no damage. Something hits you!
* * * LOW HITPOINT WARNING * * *
You bump into the stone wall.
Something hits you but does no damage.
You feel less confused. Something hits you but does no damage.
Something bites you but does no damage.
You miss something. Something draws life force from you!!
* * * LOW HITPOINT WARNING * * *
You feel much better. Something hits you.
* * * LOW HITPOINT WARNING * * *
Something bites you but does no damage.
You feel very mighty all of a sudden. Something hits you but does no damage.
Something bites you.
* * * LOW HITPOINT WARNING * * *
Something draws strength from your injuries!
You hit something but do no damage.
Your weapon exudes an aura of protection.
Something hits you but does no damage. Something bites you but does no damage.
You thump something!
You hear some strange, mumbled words.
Something tries to affect you, but you resist.
You sock something! Your headbutt misses something. You hit something.
Your headbutt misses something. Something hits you.
* * * LOW HITPOINT WARNING * * *
Something bites you but does no damage.
You closely miss something. Something draws life force from you!
* * * LOW HITPOINT WARNING * * *
You thump something! Something hits you.
* * * LOW HITPOINT WARNING * * *
Something bites you but does no damage.
You miss something. Something hits you but does no damage. Something bites you.
You die...

#....'...##..##.....8#
#....#...#....#########
#....#..........).....#
####'#......#.........#
#..#8....##...##''###
#..#######...##....##
#..#8.......##......#
#..#8......8#...##...#
#############.@## #..#
#..# ..# #8..# .8#
##!!.. ## ##.[[8# #####


There were no monsters in sight!

Vanquished Creatures
  Maurice (D:7)
  The ghost of monsoonserge the Slicer, a novice SpDe of Nemelex Xobeh (D:7)
  A gargoyle (Bailey)
  3 vampire mosquitoes (D:7)
  Menkaure (D:4)
  2 ice beasts (D:7)
  2 water moccasins
  A sky beast (D:7)
  4 black bears
  An ogre (D:4)
  3 phantoms
  5 necrophages (D:5)
  A bullfrog (D:7)
  3 scorpions
  6 killer bees
  7 vampire bats
  6 wolf zombies (Bailey)
  4 howler monkeys
  A jelly (D:5)
  2 bombardier beetles
  2 orc priests
  A hound (D:3)
  4 iguanas
  3 orc wizards
  8 gnolls
  5 adders
  18 orc zombies (Bailey)
  An adder zombie (D:5)
  A dart slug (D:4)
  3 fire bats (D:3)
  2 ribbon worms (D:2)
  19 orcs
  2 spectral bats (D:3)
  3 bat skeletons (D:3)
  A bat zombie (D:3)
  5 endoplasms
  2 giant cockroaches
  6 goblins
  6 hobgoblins
  2 jackals (D:4)
  11 kobolds
  5 quokkas
  6 ball pythons
  14 bats
  A bat simulacrum (D:3)
  3 frilled lizards
  8 rats
197 creatures vanquished.

Notes
Turn   | Place    | Note
-------+----------+-------------------------------------------
     0 | D:1      | Silvore the Minotaur Fighter began the quest for the Orb.
     0 | D:1      | Reached XP level 1. HP: 19/19 MP: 0/0
   248 | D:1      | Reached XP level 2. HP: 27/27 MP: 1/1
   526 | D:1      | Got the Book of Fanaticism
  1027 | D:2      | Reached skill level 3 in Maces & Flails
  1027 | D:2      | Reached XP level 3. HP: 25/33 MP: 2/2
  1132 | D:2      | Reached XP level 4. HP: 38/40 MP: 3/3
  1205 | D:2      | Found a broken altar of Ashenzari.
  1664 | D:3      | Found a stormy altar of Qazlal.
  1853 | D:3      | Found Jeg Puva's Assorted Antiques.
  2127 | D:3      | Reached skill level 4 in Maces & Flails
  2186 | D:3      | Reached skill level 1 in Dodging
  2195 | D:3      | Reached XP level 5. HP: 47/47 MP: 4/4
  2264 | D:3      | Reached XP level 6. HP: 53/53 MP: 5/5
  2578 | D:4      | Reached skill level 5 in Maces & Flails
  2578 | D:4      | Reached skill level 5 in Armour
  2591 | D:4      | Noticed Menkaure
  2598 | D:4      | Killed Menkaure
  2599 | D:4      | Reached skill level 5 in Fighting
  2599 | D:4      | Reached XP level 7. HP: 15/61 MP: 6/6
  2779 | D:4      | Reached skill level 6 in Maces & Flails
  3033 | D:4      | Found a staircase to the Ecumenical Temple.
  3055 | Temple   | Entered the Ecumenical Temple
  3071 | Temple   | Became a worshipper of Zin the Law-Giver
  3071 | Temple   | Reached * piety under Zin
  3072 | Temple   | Donated 77 gold pieces to Zin
  3345 | D:5      | Entered Level 5 of the Dungeon
  3401 | D:5      | Reached skill level 5 in Shields
  3417 | D:5      | Found a sparkling altar of Nemelex Xobeh.
  3437 | D:5      | Reached skill level 7 in Maces & Flails
  3444 | D:5      | Reached XP level 8. HP: 55/70 MP: 7/7
  3730 | D:5      | Reached skill level 8 in Maces & Flails
  3790 | D:5      | Reached ** piety under Zin
  3911 | D:5      | Found a blossoming altar of Fedhas.
  4232 | D:5      | Reached skill level 9 in Maces & Flails
  4809 | D:6      | Reached XP level 9. HP: 74/79 MP: 8/8
  5069 | D:7      | Reached skill level 10 in Maces & Flails
  5265 | D:7      | Found an opulent altar of Gozag.
  5327 | D:7      | Found a runed translucent door.
  5327 | D:7      | Noticed monsoonserge's ghost (novice SpDe)
  5433 | D:7      | Noticed Maurice
  5444 | D:7      | Something stole a ring of ice
  5445 | D:7      | Something stole 2 throwing nets
  5446 | D:7      | Something stole a +0 flail
  5447 | D:7      | Something stole 174 gold
  5451 | D:7      | Killed Maurice
  5597 | D:7      | Reached *** piety under Zin
  5714 | D:7      | Killed monsoonserge's ghost
  5715 | D:7      | Reached skill level 11 in Maces & Flails
  5920 | D:8      | Reached XP level 10. HP: 57/88 MP: 9/9
  5995 | D:8      | Found a flagged portal.
  6017 | Bailey   | Entered a bailey
  6063 | Bailey   | Reached skill level 1 in Invocations
  6116 | Bailey   | Reached skill level 1 in Stealth
  6194 | Bailey   | Reached **** piety under Zin
  6227 | Bailey   | Noticed a gargoyle
  6237 | Bailey   | Killed a gargoyle
  6321 | Bailey   | HP: 3/88 [something (18)]
  6329 | Bailey   | HP: 1/88 [something (4)]
  6330 | Bailey   | Slain by a vampire

Illustrated notes

Levels and vault maps discovered:
D:1:      dpeg_arrival_court, layout_basic
D:2:      layout_loops_ring, basic_altar
D:3:      layout_loops_ring, nicolae_qazlal_general_emergency, serial_shops,
          shop, goddamned_bats
D:4:      layout_loops_ring, minmay_temple_entry_ruins, uniq_menkaure
D:5:      layout_rooms, mainiacjoe_overflow_paths, fedhas_altar_decomposition,
          serial_rivers, chequers_serial_rivers_small_b,
          chequers_serial_rivers_micro_e, chequers_serial_rivers_micro_c,
          chequers_serial_rivers_micro_a, chequers_serial_rivers_marsh,
          minmay_misc_feat_more_columns
D:6:      layout_rooms, kennysheep_windowed_goal
D:7:      layout_rooms, grunt_gozag_breadcrumbs, gammafunk_ghost_grave,
          chequers_serial_rivers_room_b, uniq_maurice
D:8:      layout_gridville, grunt_ashenzari_visionary
          [grunt_ashenzari_visionary_swamp, grunt_ashenzari_visionary_spider],
          trog_ov_bears_minmay, grunt_temple_overflow_cloverleaf,
          enter_bailey_5, minivault_5, dilly_guarded_unrand_throatcut
Temple:   corrupted_temple
Bailey:   bailey_polearm_vampire_castle_hellmonk, bailey

Skill      XL: |  1  2  3  4  5  6  7  8  9 10 |
---------------+-------------------------------+-----
Armour         | 4 5 7 8 9 |  9.0
Shields        | 4 5 7 |  7.6
Maces & Flails | 3 4 5 7 9 11 | 11.7
Fighting       | 4 5 7 8 |  8.1
Dodging        | 1 2 3 4 |  4.1
Invocations    | 1 |  1.0
Stealth        | 1 |  1.1

Action                     |  1- 3 |  4- 6 |  7- 9 | 10-12 || total
---------------------------+-------+-------+-------+-------++-------
  Melee: Flail             |    83 |    84 |   280 |   122 ||   569
         Headbutt          |     5 |    15 |    41 |    25 ||    86
 Invoke: Donate Gold       |       |       |     1 |       ||     1
         Recite            |       |       |     1 |       ||     1
    Use: Scroll            |     2 |     3 |    11 |       ||    16
         Potion            |       |       |     1 |     3 ||     4
 Armour: Scale mail        |    71 |    79 |       |       ||   150
         Chain mail        |       |     1 |   199 |       ||   200
         Crystal plate arm |       |       |    34 |   140 ||   174
  Dodge: Dodged            |    47 |    73 |   105 |    39 ||   264
  Block: Buckler           |    15 |    29 |    82 |    29 ||   155
